[Event "44th Chess Olympiad Open 2022"]
[Site "Chennai"]
[Date "2022.08.03"]
[Round "6.38"]
[White "Reimanis, Ritvars"]
[Black "Okas, Walter"]
[Result "1-0"]
[WhiteElo "2377"]
[BlackElo "2191"]
[Annotator "TA"]
[PlyCount "115"]
[EventDate "2022.??.??"]
[TimeControl "60"]

1. d4 Nf6 2. Nf3 e6 3. c4 b6 4. g3 Bb7 5. Bg2 Bb4+ 6. Bd2 Be7 7. Nc3 d5 8.
cxd5 exd5 9. O-O O-O 10. Rc1 Nbd7 11. Bf4 a6 12. Ne5 c5 {[%emt 0:05:23]
[#]} (12... Re8 $14) 13. e3 $146 {[%emt 0:09:07] E18: Queen's Indian: Old Main
Line (4 g3 Bb7 5 Bg2 Be7 6 0-0 0-0 7 Nc3).} ({Predecessor:} 13. dxc5 Nxc5 14.
Nf3 Nfe4 15. Nd4 Bf6 16. Be3 {½-½ (15) Starostits,I (2457)-Cruz Estrada,F 
(2311) Jerez de la Frontera 2021}) 13... Ne4 (13... cxd4 $14
14. exd4 (14. Qxd4 Nc5 $14) 14... Re8) 14. Nxd7 (14. Nxe4 $16
Nxe5 15. Nc3 (15. Bxe5 dxe4 16. dxc5 Bxc5 $16) (15. Nxc5 bxc5 16. Bxe5 c4 $16))
14... Nxc3 $1 $14 15. Rxc3 {[%emt 0:00:09] White is slightly
better.} Qxd7 16. dxc5 bxc5 17. Rd3 c4 18. Rd2 Bb4 19. Rd4 Rac8 20. Bxd5 Bxd5 21. Rxd5 Qc6 22. Be5 Qe6 23. Bc3 Bxc3 24. bxc3 Qb6 25. Qd4 Qb2 26. a4 (
26. Rg5 g6 $16) 26... h6 27. Rd6 (27. a5 $18)
27... Qa3 (27... a5 $16) 28. Rxa6 $18 Rfd8 29. Qe5 Rd3 30. Qf5 Rf8 31. Rb1 (31. Qg4 $18) 31... Rxc3 32. Rb7 $40 {[%emt 0:00:35][%cal Ya6a8] [#] Threatening mate
with Ra8! White is out for blood.} Rc1+ $2 (32... Rb3 $16 33.
Rxb3 cxb3) 33. Kg2 Qd3 34. Qxd3 {
[%emt 0:00:37] Active counter play!} cxd3 {[%emt 0:00:04] Endgame KRR-KRR} 35.
Rd7 Rc3 36. Raa7 g5 37. g4 Kg7 38. h3 Ra3 39. e4 Kf6 40.
Ra5 Ke6 41. Rdd5 {[%emt 0:30:10] Black must
now prevent e5.} Rc8 (41... Kf6 {might work better.} 42. e5+
Kg7) 42. Ra6+ Ke7 43. Ra7+ (
{Don't play} 43. Rxh6 $6 Rxa4 44. Rxd3 Rxe4) (43. Re5+ $18 Kd7 44. Rd5+ (44.
Rxh6 Rxa4 45. Rd5+ Ke7 $16) 44... Ke7 45. Re5+ (45. Rxh6 Rxa4 46. Rxd3 Rxe4 $16
) 45... Kd7 46. Rd5+ (46. Rxh6 Rxa4 47. Rf5 Rd8 $16) 46... Ke7) 43... Ke6 $16 44. Rad7 Rxa4 $2 {[%emt 0:02:06] [#]} (44...
Ra8 $16 {is a better defense.} 45. R7d6+ (45. Rxd3 Rxd3 46. Rxd3 Rxa4 $16)
45... Ke7) 45. R5d6+ $1 $18 ({Weaker is} 45. Rxd3 Rc6 $16)
45... Ke5 46. Rxd3 Rc6 $2 (
46... h5 47. gxh5 Rh8) 47. Re7+ Kf6 48. Rdd7 Kg6 49. Rxf7 {[%emt 0:00:00] e5 would kill
now.} Rxe4 50. Rg7+ Kf6 51.
Rdf7+ Ke5 52. Re7+ Kd5 53. Rxe4 Kxe4 54. Rf7 Re6 55. Rf5 Rd6 $2 (55... Ra6 56. Kg3 Rd6 57. f3+ Ke3) 56. f3+ {[%emt 0:00:52] White is
clearly winning.} Ke3 57. Kg3 Rd1 58. Re5+ {[%emt 0:05:42] Weighted Error Value: White=0.10 (very
precise) /Black=0.29 (precise)} 1-0

[Event "44th Chess Olympiad Open 2022"]
[Site "Chennai"]
[Date "2022.08.03"]
[Round "6.38"]
[White "Wanyama, Harold"]
[Black "Kantans, Toms"]
[Result "0-1"]
[WhiteElo "2242"]
[BlackElo "2486"]
[Annotator "TA"]
[PlyCount "80"]
[EventDate "2022.??.??"]
[TimeControl "60"]

1. d4 Nf6 2. c4 c5 3. d5 e6 4. Nc3 exd5 5. cxd5 d6 6. Nf3 g6 7. g3 Bg7 8. Bg2 O-O 9. O-O Re8 10. Nd2 a6 11. a4 Nbd7 12. Nc4 Ne5 13. Nxe5 Rxe5 14. e4 {[%emt 0:00:36] is the legacy move (14.Bf4).} Re8
{[%emt 0:02:42] 14...Rb8 is vanishing. A64: Modern Benoni: Fianchetto
Variation: 9...Nbd7 10 Nd2 a6 11 a4 Re8.} 15. h3 Rb8 16. Qd3 {[%emt 0:02:39] Prevents b5.} Nd7 {[%emt 0:02:36] Black is
slightly better.} 17. f4 b5 $1 18. axb5 axb5 19. Kh2 (19. Nxb5 $2 c4
20. Qxc4 Qb6+ 21. Kh2 Qxb5 22. Qxb5 Rxb5 $19) 19... c4 20. Qc2 Nc5 21. Be3 Qc7 {[%emt 0:00:
00] [#]} 22. g4 $146 (22. f5 $1 $15) ({Predecessor:} 22. e5
dxe5 23. Nxb5 Rxb5 24. Qxc4 Rxb2 25. Qxc5 Qxc5 26. Bxc5 exf4 27. Rfe1 fxg3+ 28.
Kh1 Rxe1+ 29. Rxe1 {0-1 (36) Le,T (1947)-Hoang,C (2390) Ho Chi Minh City 2015})
22... f5 (22... b4 $17 23. Ne2 b3) 23. gxf5 $11 gxf5 24. e5 dxe5 {[%emt 0:01:45] aiming
for ...Bd7.} 25. d6 (25. Nxb5 $11 Rxb5 26. Qxc4) 25... Qxd6
$15 26. Rfd1 $1 Qe7 (26...
Nd3 $17 27. Nxb5 Qb4) 27. Nxb5 exf4 $17 28.
Bf2 f3 $19 29. Bxf3 Ne4 30. Nc3 Rxb2 31. Qxb2 {[%emt 0:02:44] And now Ra7 would win.} Bxc3 32. Rg1+ Kf8 {[%emt 0:00:04] The board is on fire.}
33. Qb6 (33. Qa3 Be5+ 34. Kg2 Nxf2 35. Kxf2) 33... Nxf2 34. Ra7 Be5+ 35. Kg2 Qg5+ ({Inferior is} 35... Qh4 36. Qc5+ Kg8 37.
Qxf2 $15) 36. Kf1 {[%emt 0:02:05] [#]} Qc1+ (36... Qf4 $1 $19
{( -> ...Nd3)} 37. Qxf2 Be6 38. Rxh7 c3 39. Qc5+ Bd6 40. Rh8+ Kf7 41. Rh7+ Kf6
42. Rh6+ (42. Qxc3+ $2 Be5 $19) 42... Qxh6 43. Qxd6 Qe3) 37. Kg2 $4 {[%emt 0:
00:11] [#]} (37. Kxf2 $11 Qd2+ 38. Kf1 Qc1+ 39. Kf2 Qc2+ 40. Kf1 Qd3+ 41. Kg2 (
41. Be2 $2 Qxe2+ 42. Kxe2 Bd4+ 43. Kd1 Bxb6 $19) 41... Qd2+ 42. Kf1 Qc1+ 43.
Kf2) 37... Qd2 $1 38. Re1 (38. Qc5+ Bd6)
38... Nd3+ {[%emt 0:00:49] Black mates.} 39. Re2 Nf4+ 40. Kf1 Qd1+ {[%emt 0:00:00] Weighted Error
Value: White=1.00/Black=0.30} 0-1

[Event "44th Chess Olympiad Open 2022"]
[Site "Chennai"]
[Date "2022.08.03"]
[Round "6.38"]
[White "Ungurs, Edgars"]
[Black "Egesa emmanuel"]
[Result "1-0"]
[WhiteElo "2206"]
[BlackElo "2152"]
[Annotator "TA"]
[PlyCount "65"]
[EventDate "2022.??.??"]
[TimeControl "60"]

1. e4 c6 2. d4 d5 3. exd5 cxd5 4. Bd3 Nc6 5. c3 Nf6 6. h3 g6 7. Bf4 Bg7 8. Nd2 {[%emt 0:01:47] is the legacy move (8.Nf3).}
O-O 9. Ngf3 Nd7 10. O-O {
[%emt 0:06:20] B13: Caro-Kann: Exchange Variation and Panov-Botvinnik Attack.}
e5 11. dxe5 Ndxe5 12. Nxe5 {
[%emt 0:05:29] The position is equal.} Nxe5 13. Bc2 Nc6 {[%emt 0:09:42] [#]} 14. Qf3 $146 ({Predecessor:} 
14. Nf3 d4 15. cxd4 Nxd4 16. Nxd4 Qxd4 17. Qxd4 Bxd4 18. Rad1 Bf6 19. b3 a5 20.
Rfe1 Kg7 21. Be5 Ra6 {½-½ (21) Ortpaul,M (1947)-Lodes,H (2132) Nuremberg 2012
}) 14... d4 15. Ne4 dxc3 (
15... Bf5 $11) 16. bxc3 $14 (16. Rad1 Nd4 17. Rxd4 Qxd4 $17)
16... Bf5 17. Rad1 Qa5 18.
Bb3 Ne5 (18... Bxe4 $11 19. Qxe4 Rad8) 19.
Qe3 {[%emt 0:09:12] And now Nd6 would win. White is more active.} Rac8 $2 {
[%emt 0:03:48] This move loses the game for Black.} (19... Bxe4 $16 20. Qxe4
Qxc3) 20. Rd5 $18 Qb6 {[%emt 0:08:16] [#] ...Qxe3 is the
strong threat.} 21. Qxb6 axb6 22. Nd6 (22. Bxe5 $6 Bxe4 23. Bxg7 Kxg7 $11) 22... Rc5 23. Nxf5 ({Much less strong is} 23. Nxb7 $6 Rxd5 24. Bxd5 Be6
25. Bxe6 (25. Rd1 Nc4 $14) 25... fxe6 $14) 23... gxf5 24. Rfd1
$36 {[%emt 0:01:22] White is really pushing.} Ng6 (24... Re8
$16 25. Be3 Rxc3 26. Bxb6 f4) 25. Be3 {[%emt 0:01:42] A strong pair of Bishops.
} ({Don't take} 25. Bd6 Rxd5 26. Rxd5 Rd8) 25... Rxc3 26. Rxf5 ({Resist} 26. Bxb6 $6 Rc6 $18) 26... Rc6 27.
Rb5 Ne5 28. Rxb6 Rxb6 29. Bxb6 Bf6 (29... Rc8 $142
30. Be3 Bf6) 30. f4 Ng6 31. g3 Re8 32. Kf2 Re7 $2 {[%emt 0:00:39] [#]}
(32... Nf8 33. Be3 Kg7) 33. Bd8 {[%emt 0:00:26] Weighted Error Value: White=0.
15 (very precise) /Black=0.37} 1-0

[Event "44th Chess Olympiad Open 2022"]
[Site "Chennai"]
[Date "2022.08.03"]
[Round "6.38"]
[White "Nsubuga, Haruna"]
[Black "Golubovskis, Maksims"]
[Result "0-1"]
[WhiteElo "2160"]
[BlackElo "2219"]
[Annotator "TA"]
[PlyCount "122"]
[EventDate "2022.??.??"]
[TimeControl "60"]

1. d4 Nf6 2.
Nf3 e6 3. g3 b5 4. Bg2 Bb7 5. O-O Be7 6. a4 b4 7. c4 c5 {[%emt 0:02:04] A46:1 d4 Nf6 2 Nf3 e6: Torre, London and Colle Systems.
} 8. dxc5 (8. d5 $14) 8... Bxc5 {[%emt 0:00:29] [#]} 9. Bf4
$146 ({Predecessor:} 9. Nbd2 a5 10. Nb3 Be7 11. Nbd4 O-O 12.
Bg5 Na6 13. Nb3 Qc7 14. Qd4 Rfc8 15. Rfd1 {½-½ (38) Georgiadis,A (1638)
-Sarafis,R (1541) Patras 2021}) 9... d5 {[%emt 0:15:41] The position is equal.}
10. cxd5 Nxd5 11. Ng5 (11.
Bg5 $14 f6 12. Bc1) 11... Be7 12. h4 (12.
Bxd5 $15 exd5 13. Nf3) 12... h6 13. Nh3 Nd7 14. a5 g5 15. a6 Bc6 16. hxg5 hxg5 17.
Bc1 Rc8 18. e4 N5b6 19. Be3 Rg8 ({Black should
play} 19... Bb5 $17 20. Nd2 Bxf1 21. Nxf1 f6) 20. b3 ({
White should try} 20. Qe2 $15) 20... Bb5 21. Re1 Nc5 (21... e5 $17 {And now ...g4 would win.} 22. f3 (22.
Ra5 Bc6 $17) 22... g4 23. fxg4 Bc5) 22. Qxd8+ $11 Kxd8 23. Ra5 Bd7 24. Nd2 (24. Rc1 $5 g4 25. Nf4 $14 (25. Bxc5 gxh3 26. Bf1 Rg5
$14)) 24... e5 $36 {[%emt 0:00:20] Black has some pressure.} 25. f3 (25. Rc1 $11) 25... g4 $17 {[%emt 0:00:33] White is now going downhill.
} 26. Nf2 gxf3 {[%emt 0:00:15] Black is more active.} 27. Nxf3 f6 ({Don't do} 27... Rxg3 28. Rc1 Ne6 29.
Rxc8+ Nxc8 30. Kh2 $14) 28. Rd1 (28. Nd2 $17) 28... Ke8 $19 ({Stronger than} 28... Rxg3 29.
Rc1 Nxb3 30. Bxb6+ axb6 31. Rxc8+ Kxc8 32. a7 $11) 29. Kh2 Rh8+ 30. Nh4 Nxb3 31. Bxb6 axb6 32. Ra2 Na5 33. Rxd7 $2 (33. Rad2 {is a better defense.}
Ba4 34. Bh3) 33... Kxd7 34. Bh3+ Kc6 35. Rc2+ Bc5 {[%emt 0:00:00] Threatens to win
with ...b3. Black is clearly winning.} 36. Bxc8 Rxc8 37. Nd3 Kb5 {[%emt 0:01:00][%cal Yc5g1] aiming for ...
Bg1+!} 38. Nf5 Rh8+ 39. Kg2 b3 40. Rc1 Kxa6 41. Kf3 Rd8 42. Ke2 Kb5 43. Kd2 Bb4+ 44. Ke2 Rh8 45. Ne3 Rh2+ 46. Kf3 Bd2 47. Nf1 Bxc1 48. Nxh2 {[%emt 0:00:01] Endgame [#] KBN-KNN} Kc4 $1 49.
Ke2 {[%emt 0:00:00] [#]} (49. Nxc1 b2) 49... Kc3 $1 50. Ng4 {
[%emt 0:00:00] [#]} (50. Nf3 b2) 50... Bg5 (50... Nc6 $142 $1
51. Ndf2 (51. Ngf2 Nd4+) 51... Nd4+ 52. Ke1 Kc2) 51. Ngf2 Nc4 52. Nd1+ Kd4 53. Ne1 Kxe4 54. Nf3 b2 {[%emt 0:00:
00] ...b5 is the strong threat.} 55. Nc3+ Kf5 56. Nb1 b5 57. Ne1 {[%emt 0:00:00] [#]} Nd2
$1 58. Nd3 (58. Kd3 Nxb1) 58... Nxb1 59. Nxb2 Kg4 60. Kf2 Nc3 {[%emt 0:00:00] ( -> ...e4)} 61. Nd3 e4 {
[%emt 0:00:00] Weighted Error Value: White=0.54/Black=0.28 (precise)} 0-1

[Event "44th Chess Olympiad Open 2022"]
[Site "Chennai"]
[Date "2022.08.03"]
[Round "6.39"]
[White "Matamoros Franco, Carlos S."]
[Black "Gong, Daniel Hanwen"]
[Result "1-0"]
[WhiteElo "2459"]
[BlackElo "2296"]
[Annotator "TA"]
[PlyCount "125"]
[EventDate "2022.??.??"]
[TimeControl "60"]

1. Nf3 f5 2. c4 Nf6 3. g3 e6 4. Bg2 Be7 5. b3 d5 6. Bb2 {[%emt 0:00:24] A10:
English Opening: Unusual Replies for Black.} Nc6 7. e3 {
[%emt 0:01:51] [#] Inhibits d4.} dxc4 $146 ({Predecessor:} 
7... O-O 8. O-O Qe8 9. d4 Qh5 10. Nbd2 Bd7 11. Ne5 Qe8 12. Nd3 Nb4 13. Nf3 Nxd3
14. Qxd3 {1-0 (50) Fortin,M-Bossuyt,H Belgium 1989}) 8. bxc4 {[%emt 0:01:03]
White has an edge.} Qd3 9. Bf1 Qd8 10. d4 e5 11. dxe5 (11. Nxe5 Nxe5 12. dxe5 Qxd1+ 13. Kxd1 Ne4 $15) 11... Qxd1+ 12. Kxd1 Ne4 13. Ke2 Be6 14. Nbd2 O-O-O (14... Bb4 $5 ) 15. Rc1 Nxd2 16. Nxd2 Nb4 17. Ra1 Rd7 {[%emt 0:30:39] Black has compensation.} 18. Bh3 Rhd8 19. Bc3 (19. Bd4 $2 Nc2 20. Rhc1 Nxa1 $19)
19... Nc2 20. Rac1 Na3 21.
e4 g6 (21... Nxc4 22. exf5 Rxd2+ 23. Bxd2
Rxd2+ 24. Ke1 $14) 22. exf5 gxf5 23. Ke1 (23. Rhd1 $1 $11) 23... Kb8 ({Better is} 23...
b5 $17 {aiming for ...b4.} 24. c5 Bxc5) 24. Bf1 $15 Bc5 25. Be2 Bd4 (25... Bf8 $11 {
remains equal.}) 26. Bxd4 (26. Nb3 $1 $16 )
26... Rxd4 $11 27. Nf3 R4d7 (27... Re4 $11 {keeps the balance.}) 28. Kf1 $1 $16 f4 (28... c6 $16) 29. Kg2 $18 (29. gxf4 $6 Bh3+
30. Ke1 Bf5 $16) 29... Bf5 30. Rc3 (30. gxf4
Rg7+ 31. Kf1 Rg4 $16) 30... Nb1 31. Rb3 Nd2 32. Nxd2 Rxd2 33. Bf3 $36 {
[%emt 0:00:04] Keeping Black busy.} b6 34. Re1 (34. gxf4 $6 Rg8+ 35. Kf1 Be6 $11) 34... fxg3 (34... Be6 $16
) 35. hxg3 {[%emt 0:00:10] Hoping for e6.} ({And not} 35. Kxg3 Rg8+ 36. Kf4 Rf8
$11) 35... Be6 36. Ra3 Rc2 $2 (36... a5 {might work better.} 37. c5 Rb2) 37. Bd5 Bxd5+ 38. cxd5 Rxd5 $2 {[%emt 0:00:03] Endgame
KRR-KRR} (38... h5 39. e6 Rf8) 39. e6 Rd8 40.
Rf3 {[%emt 0:01:10] And now e7 would win.} ({Less strong is} 40. e7 Re8 41. g4
h6 $18) 40... Re8 41. a3 c5 42. Rf7 {[%emt 0:00:00] Rd7 is the strong threat.} Rd2 43. Rh1 ({White should play} 43. Rxh7 $18 c4 44. g4) 43... Rxe6 $16 44. Rhxh7 {[%emt 0:02:00] White wants to mate with Rh8+.} Rc6 45. Rb7+ ({Don't play} 45. Rxa7 $6 Rf6 $11)
45... Kc8 46. Rxa7 Kb8 {[%emt 0:
00:00] Inhibits Ra8+.} 47. Rhb7+ Kc8 48. Rf7
{[%emt 0:00:00][%cal Ra7a8] Prevents Rf6.} Kb8 {[%emt 0:00:00] Prevents Ra8+.}
49. Rae7 c4 $2 (49... Kc8 $16) 50. Rf8+ $1
$18 Rc8 {[%emt 0:00:00] [#]} 51. Rxc8+ Kxc8 {
[%emt 0:00:00] [#] KR-KR} 52. Re4 $1 b5 53.
a4 $1 Rd5 54. axb5 Rc5 55. Re2 $2 (55. Kf1 $18 c3 56. Re1) 55... Rxb5
$2 (55... Kb7 $14) 56. Rc2 Rc5 57. Kf3 Kc7 $2 (57... Kd7 58. Ke4 Rc8)
58. Ke4 Kc6 59. Kd4 Kb5 60. f4 Rc8 61. Rb2+ Ka4 62. Kc3 Rg8 63.
Kxc4 {[%emt 0:00:10] Weighted Error Value: White=0.29 (precise) /Black=0.48}
1-0

[Event "44th Chess Olympiad Open 2022"]
[Site "Chennai"]
[Date "2022.08.03"]
[Round "6.39"]
[White "Bastidas Rodriguez, Emilio"]
[Black "Xie, Felix"]
[Result "1-0"]
[WhiteElo "2351"]
[BlackElo "2224"]
[Annotator "TA"]
[PlyCount "82"]
[EventDate "2022.??.??"]
[TimeControl "60"]

1. c4 e6 2. d4 d5 3. Nc3 Be7 4. Nf3 Nf6 5. a3 b6 6. cxd5 exd5 7. g3 {[%emt 0:00:17] E12:
Queen's Indian: Unusual White 4th moves, 4 a3, 4 Nc3 Bb7 5 a3 and 4 Nc3 Bb7 .}
O-O 8. Bg2 h6 {[%emt 0:00:48] [#]} 9. Qc2
$146 {[%emt 0:02:29] White is slightly better.} ({Predecessor:} 9. O-O Bb7 10.
Bf4 c5 11. Ne5 Na6 12. Rc1 Re8 13. Nb5 Bf8 14. g4 Re6 15. e3 Qe8 16. Nc3 Ne4
17. Nd3 cxd4 18. exd4 Rc8 19. Qb3 Nxc3 20. Rxc3 g5 21. Bg3 Rxc3 22. Qxc3 Rc6
23. Qd2 Re6 {½-½ (23) Ionescu,C (2465)-Kurajica,B (2585) Debrecen 1992}) 9...
Bb7 10. b4 Nbd7 11. Rb1 Ne4 12. O-O Nxc3 13. Qxc3 Bd6 14. Nh4 Re8 15. Nf5 Bf8 16. Bf4 c6 17. Rfe1 Nf6 18. f3 Kh7 19. Qd2 Bc8 20. Ne3 g6 21. Rbc1 Bb7 22. Nd1 (22. Nc2 $5 ) 22... Bg7 23. Be5 Qd7 24. Nf2 Ba6 25. g4 ({Don't play} 25. Bxf6 Bxf6 26. e3 (26. Ng4 Bg7
$11) (26. Bh3 Qd6 $11) 26... h5 $11) (25. Bh3 $14 Qb7 26. e4 (26. Bxf6 Bxf6 27.
e3 Bg7 $11)) 25... Rad8 (25... Bc4 $11) 26. e3 (26. a4 {with more complications.} Bc4 27. h4 b5 28. a5) 26... Ng8 27. Bg3 Ne7 28. Nd3 f5 29. Bh3 Bxd3 (29... Rf8
$14) 30. Qxd3 $16 Rf8 31. gxf5 gxf5 ({Not} 31... Nxf5 32. Rc2 $14) 32. Rc3 ({White should try} 32. a4 $16) 32... Rf6 (32... Qe8 $14)
33. Kh1 {[%emt 0:00:20] White is more active.} (33. b5 $142) 33... Rg6 34. Rec1 Rf8 ({Better is} 
34... Rg8) 35. b5 c5 {[%emt 0:00:30] [#]} 36. dxc5 {[%emt 0:
00:30] R3c2 is the strong threat.} Bxc3 37. c6 Qe6 {[%emt 0:00:30] aiming for ...Be5.} (37... Nxc6 $2 38. bxc6 Rxc6 39. Rxc3
$18) 38. Rxc3 (38. Qxc3 $142 Qf7 39. c7) 38... Nc8 {[%emt 0:
00:30] Loses the game.} (38... Qg8 $16 {was necessary.}) 39. Rc1 $18 {[%emt 0:
00:30] White has strong compensation.} Rgf6 40. Rd1 Ne7 41. Bh4 R6f7 {[%emt 0:30:30]
Weighted Error Value: White=0.15 (very precise) /Black=0.24 (precise)} 1-0

[Event "44th Chess Olympiad Open 2022"]
[Site "Chennai"]
[Date "2022.08.03"]
[Round "6.39"]
[White "Croad, Nicolas"]
[Black "Mieles Palau, Daniel"]
[Result "0-1"]
[WhiteElo "2289"]
[BlackElo "2364"]
[Annotator "TA"]
[PlyCount "60"]
[EventDate "2022.??.??"]
[TimeControl "60"]

1. e4 c5 2. Nf3 d6 3. Bb5+ Nd7 4. Ba4 a6 5. c4 e5 6. Nc3 {[%emt 0:
00:00] B51: Sicilian: Moscow Variation (3 Bb5+) without 3...Bd7.} g6 7. d3 h6 {[%emt 0:10:17] [#]} 8. O-O $146 {[%emt 0:00:
00] White is slightly better.} ({Predecessor:} 8. g4 Bg7 9. h4 Ne7 10. Nh2 O-O
11. Nf1 f5 12. gxf5 gxf5 13. Bxd7 Bxd7 14. Ng3 {0-1 (21) Richmond,J (2084)
-James,D (2159) England 2014}) 8... Ne7 9. Ne1 g5 {[%emt 0:17:07] Prevents f4.} 10. g3 Nc6 11. f4 gxf4 (11... exf4 $14 {might be
stronger.} 12. gxf4 Nb6) 12. gxf4 $16 Rg8+ 13. Kh1 exf4 14. Nd5 Nd4 (14... Nb6 $16) 15. Bxf4 b5 16. cxb5 axb5 17. Bb3 Ne6 {
[%emt 0:04:44] Inhibits Nc7+.} (17... Ne5 $2 18. Bxe5 Bg4 19. Qc1 $1 Nxb3 20.
axb3 $18) (17... Nxb3 $16 18. Qxb3 (18. axb3 Rxa1 19. Qxa1 Nb6 $11) 18... Rg6)
18. Qf3 {[%emt 0:08:07][%cal Yf4d6] aiming for Bxd6!} Nd4 (
18... Rg7 $142 19. Bxh6 Ne5) 19. Qf2 $1 $18 (19. Qh5 Nf6 20.
Qd1 Bg4 $11) 19... Rg7 20. Bd1 (20. Bxh6 Rh7
$18) (20. Nc2 $142 Nxc2 21. Bxh6 (21. Bxc2 Nf6 $18)) 20... Bb7 21. Bxh6 (21. Nf3 $18) 21... Rh7 $16 22. Bh5
$2 Bxd5 $15 {[%emt 0:03:01] The board is on fire.} (22... Bxh6
$2 23. Bxf7+ Kf8 24. Bg6+ (24. Bh5+ $2 Kg8 $19) 24... Kg8 25. Bxh7+ Kh8 26. Nf3
$1 $18) 23. exd5 {[%emt 0:00:23][%cal Rh5f7] [#]} (23. Bxf8 $2 Rxh5 24. Bxd6 (
24. exd5 $2 Rf5 $19) 24... Be6 $19) 23... Ne5 ({But not} 23...
Bxh6 24. Bxf7+ Kf8 25. Bg6+ (25. Bh5+ $2 Kg8 $19) 25... Kg8 26. Bxh7+ Kxh7 27.
Qf7+ Kh8 28. Nf3 $14) (23... Qf6 $1 $17 24. Bxf8 (24. Qxf6 Nxf6
25. Rxf6 Bxh6 $17) 24... Qxf2 25. Rxf2 Kxf8) 24. Bxf8 (24. Bf4
$11) 24... Kxf8 $17 25. Bf3 (25. Bd1 $17 {
was worth a try.}) 25... Qg5 ({Stronger than} 25... Nexf3 26.
Nxf3 Nxf3 27. Qxf3 $11) (25... Ra7 $19 {Hoping for ...f5.} 26. b4 f5) 26. Be4
$2 {[%emt 0:00:33] Prevents f5. Loses the game.} (26. Bd1 $17) 26... Ng4 $1 $19
{[%emt 0:00:04][%csl Yf2,Yh2] Pair of Knights!} 27. Qg3 Rxh2+
{[%emt 0:00:14] Black mates.} 28. Qxh2 Nxh2 29. Kxh2 Ke7 30. Ng2 Ne2 {
[%emt 0:00:06] Weighted Error Value: White=0.75/Black=0.25 (precise)} 0-1

[Event "44th Chess Olympiad Open 2022"]
[Site "Chennai"]
[Date "2022.08.03"]
[Round "6.39"]
[White "Duneas, John"]
[Black "Esmeraldas Huachi, Anderson"]
[Result "0-1"]
[WhiteElo "2031"]
[BlackElo "2071"]
[Annotator "NA RC"]
[PlyCount "114"]
[EventDate "2022.??.??"]
[TimeControl "60"]

1. d4 d5 2. c4 dxc4 3. e3 e6 4. Bxc4 a6 5. Nf3 Nf6 6. O-O c5 7. Nc3 b5 8. Be2 Bb7 9. a3 Nbd7 10. Nd2 Be7 11. Bf3 Bxf3 12. Nxf3 O-O 13. Qe2 Qb6 14. Rd1 cxd4 15. exd4 Rfe8 16. Bg5 h6 17. Bh4 Qb7 18. Ne5 Nb6 19. Rac1 Nfd5 20. Bxe7 Nxc3 21. Rxc3 Qxe7 22. Rdc1 Rec8 23. Rxc8+ Rxc8 24. Rxc8+ Nxc8 25. Qc2 Qb7 26.
Qc5 Ne7 27. h3 Nf5 28. Nc6 Qd7 29. b4 g6 30. Kf1 Qb7 31. d5 exd5 32. Qxd5 Kh7 33. Kg1 Ng7 34. Qd6 Ne8 35. Qc5 Qc7 36. Qd5 Nd6 37. Ne5 Kg7 38. Ng4 Nf5 39. Qd2 Qd6 40. Qc3+ Qd4 41. Qxd4+ Nxd4 42. Ne3 Kf6 43. Kf1 Ke5 44. Ke1 f5 45. Kd2 Ke4 46. Nd1 Nc6 47. Kc3 h5 48. Nb2 Ne5 49. h4 f4 50. Nd1 f3 51. g3 Ng4 52. Kd2 Kd4 53.
Kc2 Nxf2 54. Nxf2 Ke3 55. Nd1+ Ke2 56. Nc3+ Ke1 57. Ne4 f2 0-1

[Event "44th Chess Olympiad Open 2022"]
[Site "Chennai"]
[Date "2022.08.03"]
[Round "6.40"]
[White "Greet, Andrew N"]
[Black "Kiriella, K G T S D.."]
[Result "1-0"]
[WhiteElo "2392"]
[BlackElo "1781"]
[Annotator "TA"]
[PlyCount "79"]
[EventDate "2022.??.??"]
[TimeControl "60"]

1. d4 Nf6 2. c4 e6 3. Nf3 Bb4+ 4. Bd2 Qe7 5. g3 Nc6 6. Nc3 Bxc3 7. Bxc3 Ne4 8. Rc1 Nxc3 9. Rxc3 d6 10. d5 Nd8 {[%emt 0:03:33] E11: Bogo-Indian.} 11. dxe6 {
[%emt 0:01:30] was the old line (11.Bg2).} fxe6 12. Bg2 O-O {[%emt 0:00:47] White is slightly better.} 13. O-O Bd7 14. Nd4 (14.
c5 $14) 14... e5 15. Nc2 Bc6 {
[%emt 0:02:17] [#]} 16. Ne3 $146 ({Predecessor:} 16. Bd5+ Kh8
17. Ne3 Ne6 {½-½ (17) Marovic,D-Parma,B Umag 1972}) 16... Bxg2 17. Kxg2 Ne6 18. f3 c6 19. Ng4 Rad8 20. Qc1 Nd4 21. Re3 h5 22. Nf2 Nf5 (22... b6 {is more complex.} 23. Qd2 Qf7 24. b3 Qf5) 23. Rc3 d5 24. cxd5 cxd5 25. Rc7 Rd7 26. Rxd7 Qxd7 27. Rd1 (27. e4 {seems wilder.} Nd4 28. Qc5 Rxf3 29.
Qxd5+ Qf7 30. Qxf7+ Rxf7 31. Rc1) 27... Qb5 28. Rd3 d4 29. Ne4 Ne3+ 30.
Rxe3 dxe3 31. Qxe3 Qxb2 $11
{[%emt 0:03:52] Endgame KQR-KQN} 32. Ng5 (32. Qd3 $1 $11 Qd4
33. Qb3+ Kh8 34. Qxb7) 32... Rf5 $17 ({Don't play} 32... Qxa2
33. Qe4 Rd8 34. Qh7+ Kf8 35. Qf5+ Kg8 36. Qh7+ Kf8 37. Qf5+ Kg8 38. Qh7+ $11)
33. h4 Qxa2 (33...
Qc2 $17) 34. Qd3 $11 Rxg5 35. hxg5 {[%emt 0:
00:22] g6 is the strong threat. KQ-KQ} Qf7 36. g6 {[%emt 0:02:
21] Qd8+ would kill now.} Qc7 {[%emt 0:00:15] Prevents Qd8+.} (36... Qf6 $11 {
remains equal.}) 37. Qf5 $16 {[%emt 0:01:06] White has strong compensation.
White is more active.} Qe7 $2 {[%emt 0:09:06] [#]} (37... e4 $16) 38. Qc8+ {
[%emt 0:00:18] White mates.} Qf8 39. Qe6+ Kh8 40. Qxe5 {[%emt 0:00:10] Weighted Error Value: White=0.10 
(very precise) /Black=0.47} 1-0

[Event "44th Chess Olympiad Open 2022"]
[Site "Chennai"]
[Date "2022.08.03"]
[Round "6.40"]
[White "Tate, Alan"]
[Black "Liyanage, Ranindu Dilshan"]
[Result "1/2-1/2"]
[WhiteElo "2313"]
[BlackElo "2286"]
[Annotator "TA"]
[PlyCount "62"]
[EventDate "2022.??.??"]
[TimeControl "60"]

1. d4 Nf6 2. c4 e6 3. Nf3 d5 4. g3 dxc4 5. Bg2 a6 6. Ne5 Bb4+ {[%emt 0:02:44] E04:
Open Catalan: 5 Nf3.} 7. Nc3 {[%emt 0:10:12] [#] Qa4+ is the strong threat.}
Nd5 $1 8. Qc2 Nxc3 9. bxc3 Qxd4 $1 10. Qa4+ Nd7 11. Qxb4 Qxe5 12. Qxc4 Nb6 $36 {[%emt 0:05:10] [#] Black is
pushing.} 13. Qb3 $146 ({Predecessor:} 13. Qd4 Qxd4 14. cxd4
O-O 15. Bf4 Nd5 16. Bxd5 exd5 17. Bxc7 Re8 18. Kd2 Bd7 19. Rab1 {½-½ (19)
Yarmolyuk,Y (2191)-Rensburg,J (2315) GER email 2013}) 13... O-O 14. O-O Qxe2 15. Bf4 Nd5 16. Rfe1 Qb5 17. Qxb5 axb5 18. Bxd5 exd5 19. Bxc7 Bf5 20. Bd6 Rfe8 21. f3 Re6 22. Rxe6 fxe6 $15 {[%emt 0:00:08] Endgame KRB-KRB} 23. g4 Bd3 24. a3 Rd8 25. Be5 Rf8 26. f4 Be4 27. Ra2 h6 28. Rb2 Bd3 29. Kf2 g5 30. Ke3 Bc4 31. h4 gxf4+ {[%emt 0:06:38]
Weighted Error Value: White=0.06 (flawless) / Black=0.06 (flawless)} 1/2-1/2